 Dungeon Crawl Stone Soup version 0.19.1 (webtiles) character file.

899 Entropy the Slasher (level 8, -2/60 HPs)
             Began as a Human Monk on Feb 22, 2017.
             Was a Believer of Okawaru.
             Killed by nerve-wracking pain
             ... invoked by Grinder
              (9 damage)
             ... on level 6 of the Dungeon on Feb 23, 2017.
             The game lasted 00:35:41 (5265 turns).

Entropy the Slasher (Human Monk)                    Turns: 5265, Time: 00:35:42

Health: -2/60      AC: 13    Str: 17    XL:     8   Next: 28%
Magic:  7/8        EV:  9    Int: 11    God:    Okawaru [**....]
Gold:   192        SH: 11    Dex: 17    Spells: 0 memorised, 7 levels left

rFire  . . .     SeeInvis .     a - +0 falchion
rCold  . . .     Gourm    .     t - +2 scale mail {rPois}
rNeg   . . .     Faith    .     G - +2 shield
rPois  +         Spirit   .     (no helmet)
rElec  .         Reflect  .     B - +0 cloak
rCorr  .         Harm     .     E - +0 pair of gloves
MR     .....                    g - +1 pair of boots
Stlth  +.........               (no amulet)
                                (no ring)
                                (no ring)

@: mighty
A: no striking features
a: Heroism, Renounce Religion


You were on level 6 of the Dungeon.
You worshipped Okawaru.
Okawaru was pleased with you.
You were near starving.

You visited 2 branches of the dungeon, and saw 7 of its levels.

You collected 192 gold pieces.

Inventory:

Hand Weapons
 a - a +0 falchion (weapon)
 H - a +1 war axe of electrocution
Armour
 b - a +0 robe
 g - a +1 pair of boots (worn)
 n - a +0 ring mail
 p - a +0 plate armour
 q - a +0 plate armour
 t - a +2 scale mail of poison resistance (worn)
 B - a +0 cloak (worn)
 E - a +0 pair of gloves (worn)
 G - a +2 shield (worn)
Scrolls
 e - 2 scrolls of identify {unknown}
 f - 2 scrolls of noise {unknown}
 h - 2 scrolls of enchant weapon {unknown}
 j - 2 scrolls of teleportation {unknown}
 l - 6 scrolls of remove curse {unknown}
 r - 2 scrolls of random uselessness {unknown}
 u - a scroll of magic mapping {unknown}
 y - a scroll of immolation {unknown}
 A - 2 scrolls of enchant armour {unknown}
Potions
 d - a potion of flight
 i - a potion of might
 k - 2 potions of brilliance
 m - a potion of berserk rage {unknown}
 o - a potion of heal wounds {unknown}
 s - a potion of cure mutation {unknown}
 w - a potion of haste {unknown}
 x - a potion of curing
 z - a potion of cancellation {unknown}
 F - a potion of agility {unknown}
Comestibles
 c - 4 bread rations
 v - 5 fruits
 C - 2 meat rations
 D - a beef jerky


   Skills:
 + Level 4.1 Fighting
 + Level 7.0 Long Blades
 + Level 3.2 Armour
 + Level 4.2 Dodging
 + Level 2.6 Stealth
 + Level 2.2 Shields


You had 7 spell levels left.
You didn't know any spells.

Dungeon Overview and Level Annotations

Branches:
Dungeon (6/15)             Temple (1/1) D:5

Altars:
Gozag
Makhleb
Okawaru
Qazlal
Ru
Trog
Vehumet
Xom

Shops:
D:5 =

Annotations:
D:6 Grinder


Message History

Grinder is moderately wounded.
You slash the orc wizard!
You kill the orc wizard!
Okawaru accepts your kill.
Grinder says, "Don't move a muscle."
You block Grinder's attack.
You slash Grinder!
Grinder is severely wounded.
You block Grinder's attack.
You closely miss Grinder.
Grinder is severely wounded.
You feel like a meek peon again.
You slash Grinder!
Grinder is almost dead.
You block Grinder's attack.
Your shield prevents you from hitting Grinder.
Grinder is almost dead.
Grinder gestures at you. Pain shoots through your body!
You die...

.[. #...# ..
......###...#####. .#
..........$....... ..
#................. #.
#......#..........
#..#......#...<......
#..#.......(.(.###.##
...#..5...........###.
......)@......(.......#
...##.#)..).)(#........
# #...).(...........
#...###..#........
.......# #..#..###..#
........ ......# ...
#.#.##..####..$## # #.
#... #..# # ##.# ..#


You could see Grinder.

Vanquished Creatures
  A phantom (D:5)
  An ogre (D:4)
  A centaur (D:6)
  A centaur zombie (D:5)
  2 hounds (D:4)
  4 orc priests
  2 jellies (D:5)
  A gnoll shaman (D:5)
  2 orc wizards (D:6)
  A centaur skeleton (D:4)
  2 worker ants (D:4)
  A worker ant zombie (D:5)
  6 gnolls
  6 adders
  3 worms (D:2)
  2 dart slugs
  A leopard gecko (D:4)
  7 orcs
  5 giant cockroaches
  4 goblins
  8 hobgoblins
  8 jackals (D:1)
  2 quokkas
  A ball python skeleton (D:4)
  2 bats
  4 frilled lizards
  5 kobolds
  5 rats
88 creatures vanquished.

Notes
Turn   | Place    | Note
-------+----------+-------------------------------------------
     0 | D:1      | Entropy the Human Monk began the quest for the Orb.
     0 | D:1      | Reached XP level 1. HP: 18/18 MP: 1/1
   194 | D:1      | Reached XP level 2. HP: 12/24 MP: 2/2
   657 | D:1      | Reached XP level 3. HP: 27/29 MP: 3/3
   884 | D:2      | Found a bloodstained altar of Trog.
  1294 | D:2      | Reached XP level 4. HP: 22/35 MP: 4/4
  1325 | D:2      | Reached skill level 4 in Long Blades
  1862 | D:2      | Found an opulent altar of Gozag.
  2155 | D:3      | Found a stormy altar of Qazlal.
  2326 | D:3      | Reached XP level 5. HP: 37/41 MP: 5/5
  2884 | D:4      | Noticed an ogre
  2903 | D:4      | Killed an ogre
  2903 | D:4      | Reached skill level 5 in Long Blades
  2903 | D:4      | Reached skill level 1 in Armour
  2903 | D:4      | Reached XP level 6. HP: 21/47 MP: 6/6
  3685 | D:4      | Reached XP level 7. HP: 48/52 MP: 7/7
  3719 | D:4      | HP: 2/52 [orc priest/divine providence (12)]
  3770 | D:4      | Found a radiant altar of Vehumet.
  3774 | D:4      | Found a sacrificial altar of Ru.
  4019 | D:5      | Entered Level 5 of the Dungeon
  4118 | D:5      | Reached skill level 6 in Long Blades
  4463 | D:5      | Found Iroa's Jewellery Shoppe.
  4523 | D:5      | Reached skill level 1 in Shields
  5000 | D:5      | Found a staircase to the Ecumenical Temple.
  5008 | Temple   | Entered the Ecumenical Temple
  5050 | Temple   | Became a worshipper of Warmaster Okawaru
  5050 | Temple   | Reached * piety under Okawaru
  5050 | Temple   | Reached ** piety under Okawaru
  5235 | D:6      | Reached XP level 8. HP: 22/60 MP: 8/8
  5245 | D:6      | Noticed Grinder
  5257 | D:6      | Reached skill level 7 in Long Blades
  5265 | D:6      | Killed from afar by Grinder

Skill      XL: |  1  2  3  4  5  6  7  8 |
---------------+-------------------------+-----
Long Blades    | 4 5 6 7 |  7.0
Armour         | 1 2 3 |  3.2
Dodging        | 4 |  4.2
Shields        | 2 |  2.2
Fighting       | 4 |  4.1
Stealth        | |  2.6

Action                   |  1- 3 |  4- 6 |  7- 9 || total
-------------------------+-------+-------+-------++-------
Melee: Falchion          |    79 |   178 |   212 ||   469
Invok: Heroism           |       |       |     1 ||     1
  Use: Potion            |       |       |     7 ||     7
 Stab: Sleeping          |     6 |     2 |       ||     8
  Eat: Chunk             |     1 |     8 |     4 ||    13
Armor: Robe              |    13 |       |       ||    13
       Ring mail         |     1 |    10 |       ||    11
       Scale mail        |       |    68 |    64 ||   132
Dodge: Dodged            |    62 |    93 |    35 ||   190
Block: Shield            |       |    21 |    80 ||   101
       Rpst.: Falchion   |    23 |    30 |    14 ||    67
